 Dungeon Sprint DCSS version 0.17-a0-18-gc25b939 (webtiles) character file.

11454 BluebellGnoll the Acrobat (level 11, -2/56 HPs)
             Began as a Spriggan Enchanter on Mar 12, 2015.
             Was the Champion of Vehumet.
             Slain by a stone giant (35 damage)
             ... in the Dungeon (Sprint IX: "|||||||||||||||||||||||||||||").
             The game lasted 00:26:22 (3122 turns).

BluebellGnoll the Acrobat (Spriggan Enchanter)      Turns: 3122, Time: 00:26:22

Health: -2/56      AC:  4    Str:  4    XL:     11   Next: 49%
Magic:  16/33      EV: 37    Int: 19    God:    Vehumet [******]
Gold:   1189       SH:  0    Dex: 18    Spells: 8 memorised, 13 levels left

rFire  . . .     SeeInvis +     H - +3 rapier (flame)
rCold  + . .     Clarity  .     b - +1 robe
rNeg   . . .     SustAb   .     (shield restricted)
rPois  +         Gourm    .     (helmet restricted)
rElec  .         Spirit   .     B - +0 cloak
rCorr  .         Warding  .     (gloves unavailable)
rMut   +         NoTele   +     (boots unavailable)
MR     +....                    D - amulet of resist mutation
Stlth  +++++++++.               G - ring of protection from cold
                                E - ring of poison resistance

@: very quick, somewhat resistant to hostile enchantments, incredibly stealthy
A: unfitting armour, see invisible, herbivore 3, speed 3, slow metabolism 2
a: Renounce Religion


You were in the Dungeon.
You worshipped Vehumet.
Vehumet was exalted by your worship.
You were very full.

You visited 1 branch You collected 1912 gold pieces.
You spent 723 gold pieces at shops.

Inventory:

Hand weapons
 m - a +0 shortbow
 o - a +2 rapier of venom
 H - a +3 rapier of flaming (weapon)
Missiles
 r - 64 arrows
 C - 7 curare-tipped needles
Armour
 b - a +1 robe (worn)
 B - a +0 cloak (worn)
Magical staves
 n - an uncursed staff of energy
Jewellery
 D - an amulet of resist mutation (around neck)
 E - a ring of poison resistance (left hand)
 F - an uncursed ring of fire
 G - a ring of protection from cold (right hand)
Magical devices
 a - a wand of lightning (4)
 l - a wand of draining (6)
Scrolls
 i - 6 scrolls of remove curse
 j - 4 scrolls of blinking
 k - 2 scrolls of amnesia
 w - 2 scrolls of recharging
 y - a scroll of fog
 z - a scroll of fear
 A - a scroll of identify
 I - 2 scrolls of enchant armour
Potions
 e - 8 potions of curing
 f - 5 potions of heal wounds
 g - a potion of invisibility
 h - 5 potions of magic
 s - 3 potions of haste
 t - a potion of agility
 u - 2 potions of restore abilities
 x - a potion of brilliance
Books
 c - a book of Maledictions

   Spells                             Type                      Level
   a - Corona                         Hexes                        1
   b - Sure Blade                     Hexes/Charms                 2
   c - Ensorcelled Hibernation        Hexes/Ice                    2
   d - Confuse                        Hexes                        3
   e - Dazzling Spray                 Conjuration/Hexes            3
   f - Enslavement                    Hexes                        4
Comestibles
 d - 13 bread rations
 v - 37 fruits


   Skills:
 + Level 5.7 Fighting
 - Level 8.7 Short Blades
 - Level 23.0 Dodging
 - Level 21.9 Stealth
 - Level 11.6 Spellcasting
 - Level 11.0 Hexes


You had 13 spell levels left.
You knew the following spells:

 Your Spells              Type           Power        Failure   Level  Hunger
a - Corona                Hex            ######.      1%          1    None
b - Ensorcelled Hibernat  Hex/Ice        ####..       1%          2    None
c - Confuse               Hex            ######..     1%          3    None
d - Sure Blade            Hex/Chrm       ####......   1%          2    None
e - Dazzling Spray        Conj/Hex       ####....     1%          3    None
f - Enslavement           Hex            ######..     1%          4    ##.....
g - Shock                 Conj/Air       ##..         2%          1    None
h - Fulminant Prism       Conj/Hex       ####......   2%          4    ##.....


Dungeon Overview and Level Annotations

Branches:
Dungeon (1/1)

Altars:
Cheibriados
Dithmenos
Elyvilon
Fedhas
Gozag
Kikubaaqudgha
Makhleb
Nemelex Xobeh
Okawaru
Qazlal
Ru
Sif Muna
Trog
Vehumet
Xom
Yredelemnul
Zin
The Shining One
Beogh
Jiyva
Lugonu

Shops:
D %}(*


Innate Abilities, Weirdness & Mutations

You are tiny and cannot use many weapons and most armour.
You have supernaturally acute eyesight.
You are a herbivore.
You cover ground extremely quickly.
You need consume almost no food.


Message History

Press: ? - help, Shift-Dir - straight line, f/p - stone giant
Aim: a stone giant (chance 23%)
The stone giant resists with almost no effort.
The stone giant hits you!
Casting: Confuse
Confirm with . or Enter, or press ? or * to list all spells.
Aiming: Confuse
Press: ? - help, Shift-Dir - straight line, f/p - stone giant
Aim: a stone giant (chance 23%)
The stone giant resists with almost no effort.
The stone giant completely misses you.
Casting: Confuse
Confirm with . or Enter, or press ? or * to list all spells.
Aiming: Confuse
Press: ? - help, Shift-Dir - straight line, f/p - stone giant
Aim: a stone giant (chance 23%)
The stone giant resists with almost no effort.
The stone giant hits you!!
Ouch! That really hurt!
You die...

▓.▓.▓.▓.▓.▓.▓'▓
▓(▓.▓'▓.▓.▓.▓.▓
▓=▓.▓)▓.▓'▓.▓.▓
▓'▓.▓)▓.▓.▓.▓.▓
▓.▓.▓.▓.▓.▓.▓)▓
▓.▓.▓.▓.▓.▓.▓[▓
▓†▓%▓.▓.▓.▓.▓)▓
▓)▓.▓∩▓.▓.▓.▓[▓
▓@▓.▓.▓.▓.▓.▓.▓
▓C▓)▓∩▓)▓.▓.▓.▓
▓T▓.▓.▓.▓.▓.▓'▓
▓c▓.▓∩▓.▓.▓.▓.▓
▓D▓.▓.▓.▓.▓.▓.▓
▓D▓.▓∩▓.▓.▓.▓.▓
▓p▓.▓.▓.▓[▓.▓.▓
▓.▓.▓)▓.▓'▓.▓.▓
▓.▓.▓.▓.▓%▓.▓.▓


You could see a fire dragon, an ice dragon, a stone giant, a deep troll earth
mage, a yaktaur and a wizard.

Vanquished Creatures
  5 ogre magi (D)
  An orc high priest (D)
  A hill giant (D)
  2 orc knights (D)
  Joseph (D)
  An orange demon (D)
  2 spiny frogs (D)
  An efreet (D)
  2 komodo dragons (D)
  2 trolls (D)
  4 two-headed ogres (D)
  A slime creature (D)
  A wraith (D)
  A blink frog (D)
  Eustachio (D)
  Grum (D)
  7 wolves (D)
  2 hell hounds (D)
  2 water moccasins (D)
  2 wargs (D)
  3 porcupines (D)
  An eye of draining (D)
  10 orc warriors (D)
  4 ogres (D)
  2 centaurs (D)
  4 giant frogs (D)
  A killer bee (D)
  4 crimson imps (D)
  4 orc priests (D)
  2 orc wizards (D)
  A worker ant (D)
  2 iguanas (D)
  An adder (D)
  A shadow imp (D)
  A river rat (D)
  9 orcs (D)
  A bat (D)
  A hobgoblin (D)
  A jackal (D)
  A kobold (D)
  3 quokkas (D)
  A giant gecko skeleton (D)
  A goblin (D)
  2 rats (D)
101 creatures vanquished.

Notes
Turn   | Place    | Note
--------------------------------------------------------------
     0 | D        | BluebellGnoll, the Spriggan Enchanter, began the quest for the Orb.
     0 | D        | Reached XP level 1. HP: 9/9 MP: 4/4
    10 | D        | Reached skill level 5 in Stealth
    14 | D        | Reached skill level 6 in Stealth
   167 | D        | Noticed a crimson imp
   172 | D        | Reached skill level 7 in Stealth
   174 | D        | Reached XP level 2. HP: 13/13 MP: 5/7
   186 | D        | Reached skill level 8 in Stealth
   191 | D        | Killed a crimson imp
   191 | D        | Reached skill level 11 in Stealth
   191 | D        | Reached XP level 3. HP: 13/16 MP: 7/9
   199 | D        | Found a glowing silver altar of Zin.
   199 | D        | Found a glowing golden altar of the Shining One.
   199 | D        | Found an ancient bone altar of Kikubaaqudgha.
   199 | D        | Found a basalt altar of Yredelemnul.
   199 | D        | Found a shimmering altar of Xom.
   199 | D        | Found a radiant altar of Vehumet.
   199 | D        | Found an iron altar of Okawaru.
   200 | D        | Found a burning altar of Makhleb.
   201 | D        | Found a deep blue altar of Sif Muna.
   202 | D        | Found a bloodstained altar of Trog.
   203 | D        | Found a sparkling altar of Nemelex Xobeh.
   204 | D        | Found a white marble altar of Elyvilon.
   205 | D        | Found a roughly hewn altar of Beogh.
   206 | D        | Found a viscous altar of Jiyva.
   207 | D        | Became a worshipper of Vehumet
   208 | D        | Found a corrupted altar of Lugonu.
   209 | D        | Found a blossoming altar of Fedhas.
   210 | D        | Found a snail-covered altar of Cheibriados.
   211 | D        | Found a shadowy altar of Dithmenos.
   212 | D        | Found a stormy altar of Qazlal.
   213 | D        | Found an opulent altar of Gozag.
   214 | D        | Found a sacrificial altar of Ru.
   244 | D        | Learned a level 2 spell: Ensorcelled Hibernation
   248 | D        | Learned a level 3 spell: Confuse
   337 | D        | Noticed a giant frog
   337 | D        | Noticed a giant frog
   337 | D        | Noticed a killer bee
   342 | D        | Killed a giant frog
   342 | D        | Reached skill level 5 in Spellcasting
   342 | D        | Reached XP level 4. HP: 11/21 MP: 1/18
   362 | D        | Learned a level 2 spell: Sure Blade
   366 | D        | Learned a level 3 spell: Dazzling Spray
   491 | D        | Killed a giant frog
   491 | D        | Acquired Vehumet's first power
   491 | D        | Offered knowledge of Shock by Vehumet.
   491 | D        | Reached XP level 5. HP: 16/24 MP: 12/21
   500 | D        | Killed a killer bee
   624 | D        | Learned a level 4 spell: Enslavement
   626 | D        | Learned a level 1 spell: Shock
   626 | D        | Noticed a crimson imp
   626 | D        | Noticed a centaur
   626 | D        | Noticed an eye of draining
   626 | D        | Noticed an efreet
   626 | D        | Noticed a worker ant
   628 | D        | Offered knowledge of Searing Ray by Vehumet.
   630 | D        | Killed a crimson imp
   632 | D        | Killed a centaur
   632 | D        | Reached XP level 6. HP: 28/28 MP: 25/25
   634 | D        | Killed an eye of draining
   634 | D        | Acquired Vehumet's second power
   637 | D        | Killed a worker ant
   644 | D        | Killed an efreet
   644 | D        | Reached XP level 7. HP: 32/32 MP: 25/29
   761 | D        | Noticed a water moccasin
   761 | D        | Noticed an iguana
   761 | D        | Noticed a komodo dragon
   761 | D        | Noticed a porcupine
   761 | D        | Noticed a water moccasin
   762 | D        | Noticed a spiny frog
   767 | D        | Killed a water moccasin
   767 | D        | Acquired Vehumet's third power
   767 | D        | Reached skill level 13 in Stealth
   769 | D        | Killed an iguana
   986 | D        | Killed a komodo dragon
   986 | D        | Offered knowledge of Static Discharge by Vehumet.
   986 | D        | Reached skill level 14 in Stealth
   988 | D        | Killed a porcupine
   988 | D        | Reached skill level 15 in Stealth
   988 | D        | Reached XP level 8. HP: 36/36 MP: 30/30
   992 | D        | Killed a water moccasin
   992 | D        | Reached skill level 16 in Stealth
  1013 | D        | Killed a spiny frog
  1013 | D        | Reached skill level 17 in Stealth
  1047 | D        | Noticed a blink frog
  1047 | D        | Noticed an iguana
  1047 | D        | Noticed a porcupine
  1047 | D        | Noticed a giant frog
  1047 | D        | Noticed a komodo dragon
  1047 | D        | Noticed a porcupine
  1048 | D        | Noticed a giant frog
  1049 | D        | Killed a blink frog
  1049 | D        | Reached skill level 18 in Stealth
  1050 | D        | Noticed a spiny frog
  1051 | D        | Killed an iguana
  1053 | D        | Killed a porcupine
  1053 | D        | Reached skill level 19 in Stealth
  1055 | D        | Killed a giant frog
  1061 | D        | Killed a komodo dragon
  1061 | D        | Reached skill level 20 in Stealth
  1061 | D        | Reached XP level 9. HP: 34/39 MP: 27/31
  1063 | D        | Killed a porcupine
  1073 | D        | Killed a giant frog
  1073 | D        | Reached skill level 21 in Stealth
  1078 | D        | Killed a spiny frog
  1095 | D        | Noticed a hell hound
  1095 | D        | Noticed a warg
  1095 | D        | Noticed a wolf
  1095 | D        | Noticed a wolf
  1097 | D        | Noticed a warg
  1099 | D        | Killed a hell hound
  1099 | D        | Reached skill level 10 in Dodging
  1103 | D        | Noticed a hell hound
  1105 | D        | Noticed a wolf
  1112 | D        | Killed a warg
  1114 | D        | Noticed a wolf
  1115 | D        | Killed a warg
  1118 | D        | Killed a hell hound
  1122 | D        | Killed a wolf
  1126 | D        | Killed a wolf
  1130 | D        | Killed a wolf
  1136 | D        | Killed a wolf
  1322 | D        | Noticed Joseph
  1344 | D        | Killed Joseph
  1344 | D        | Offered knowledge of Force Lance by Vehumet.
  1344 | D        | Reached skill level 15 in Dodging
  1401 | D        | Noticed Eustachio
  1416 | D        | Killed Eustachio
  1464 | D        | Noticed an orc priest
  1464 | D        | Noticed an orc wizard
  1464 | D        | Noticed an orc warrior
  1464 | D        | Noticed an orc priest
  1464 | D        | Noticed an orc priest
  1465 | D        | Noticed an orc knight
  1466 | D        | Killed an orc priest
  1466 | D        | Reached XP level 10. HP: 42/44 MP: 32/32
  1467 | D        | Noticed an orc knight
  1498 | D        | Killed an orc wizard
  1507 | D        | Killed an orc priest
  1521 | D        | Killed an orc warrior
  1521 | D        | Offered knowledge of Fulminant Prism by Vehumet.
  1531 | D        | Killed an orc knight
  1552 | D        | Noticed an orc warrior
  1557 | D        | Killed an orc priest
  1558 | D        | Noticed an orc priest
  1583 | D        | Killed an orc warrior
  1586 | D        | Killed an orc priest
  1589 | D        | Killed an orc knight
  1693 | D        | Learned a level 4 spell: Fulminant Prism
  1694 | D        | Noticed an orc warrior
  1694 | D        | Noticed an orc warrior
  1694 | D        | Noticed an orc wizard
  1694 | D        | Noticed an orc warrior
  1694 | D        | Noticed an orc high priest
  1694 | D        | Noticed an orc warrior
  1694 | D        | Noticed an orc warrior
  1695 | D        | Noticed an orc warrior
  1696 | D        | Killed an orc warrior
  1696 | D        | Offered knowledge of Airstrike by Vehumet.
  1697 | D        | Killed an orc wizard
  1752 | D        | Killed an orc warrior
  1828 | D        | Killed an orc warrior
  1840 | D        | Killed an orc high priest
  1842 | D        | Noticed an orc warrior
  1849 | D        | Killed an orc warrior
  1863 | D        | Killed an orc warrior
  2144 | D        | Killed an orc warrior
  2148 | D        | Killed an orc warrior
  2189 | D        | Noticed an orc warrior
  2200 | D        | Killed an orc warrior
  2200 | D        | Offered knowledge of Spellforged Servitor by Vehumet.
  2235 | D        | Found Siutin's Food Emporium.
  2235 | D        | Noticed a two-headed ogre
  2235 | D        | Noticed an ogre
  2235 | D        | Noticed an ogre mage
  2235 | D        | Noticed a two-headed ogre
  2235 | D        | Noticed an ogre mage
  2235 | D        | Noticed an ogre mage
  2237 | D        | Noticed an ogre
  2237 | D        | Found Shriujamp's Gadget Shoppe.
  2239 | D        | Noticed a two-headed ogre
  2240 | D        | Killed a two-headed ogre
  2248 | D        | Noticed an ogre mage
  2250 | D        | Killed an ogre
  2281 | D        | Killed an ogre mage
  2299 | D        | Killed an ogre mage
  2306 | D        | Noticed a two-headed ogre
  2320 | D        | Killed a two-headed ogre
  2325 | D        | Killed an ogre mage
  2507 | D        | Killed an ogre mage
  2507 | D        | Offered knowledge of Delayed Fireball by Vehumet.
  2507 | D        | Reached XP level 11. HP: 40/47 MP: 24/33
  2558 | D        | Killed a two-headed ogre
  2563 | D        | Killed a two-headed ogre
  2566 | D        | Noticed an ogre mage
  2585 | D        | Killed an ogre mage
  2585 | D        | Reached skill level 22 in Dodging
  2673 | D        | Noticed an ogre
  2675 | D        | Killed an ogre
  2680 | D        | Killed an ogre
  2701 | D        | Found Juedoh's Antique Weapon Emporium.
  2703 | D        | Noticed an ogre
  2704 | D        | Found Dyeshreohin's General Store.
  2719 | D        | Killed an ogre
  2723 | D        | Bought 7 curare-tipped needles for 46 gold pieces
  2762 | D        | Bought an uncursed amulet of resist mutation for 440 gold pieces
  2762 | D        | Bought a potion of magic for 88 gold pieces
  2762 | D        | Bought 3 scrolls of remove curse for 99 gold pieces
  2762 | D        | Bought 23 arrows for 50 gold pieces
  2955 | D        | Noticed a wolf
  2958 | D        | Noticed a wolf
  2960 | D        | Noticed Grum
  2962 | D        | Noticed a wolf
  2974 | D        | Killed a wolf
  2980 | D        | Killed Grum
  2983 | D        | Killed a wolf
  2985 | D        | Killed a wolf
  2985 | D        | Offered knowledge of Poison Arrow by Vehumet.
  2985 | D        | Reached skill level 23 in Dodging
  3099 | D        | Noticed a slime creature
  3099 | D        | Noticed a crimson imp
  3099 | D        | Noticed a troll
  3099 | D        | Noticed a hill giant
  3099 | D        | Noticed a wraith
  3099 | D        | Noticed a troll
  3099 | D        | Noticed a crimson imp
  3100 | D        | Noticed a centaur
  3101 | D        | Killed a slime creature
  3101 | D        | Reached skill level 1 in Fighting
  3102 | D        | Noticed a stone giant
  3103 | D        | Killed a crimson imp
  3104 | D        | Noticed a deep troll earth mage
  3105 | D        | Killed a troll
  3106 | D        | Noticed a yaktaur
  3107 | D        | Killed a hill giant
  3108 | D        | Noticed an ice dragon
  3109 | D        | Killed a wraith
  3109 | D        | Reached skill level 5 in Fighting
  3111 | D        | Killed a troll
  3114 | D        | Killed a crimson imp
  3115 | D        | Noticed a fire dragon
  3117 | D        | Killed a centaur
  3119 | D        | Noticed a wizard
  3122 | D        | Slain by a stone giant

Action                   |  1- 3 |  4- 6 |  7- 9 | 10-12 || total
-------------------------+-------+-------+-------+-------++-------
Melee: Dagger            |    49 |    22 |    34 |       ||   105
       Rapier            |       |       |    46 |    84 ||   130
 Cast: Corona            |     6 |       |       |       ||     6
       Ensorcelled Hiber |     2 |     4 |    26 |    37 ||    69
       Confuse           |       |     4 |    16 |    53 ||    73
       Dazzling Spray    |       |       |     5 |     1 ||     6
       Sure Blade        |       |       |       |     1 ||     1
Evoke: Wand              |       |       |       |     1 ||     1
  Use: Potion            |     2 |       |       |       ||     2
       Scroll            |       |       |       |     2 ||     2
 Stab: Sleeping          |     1 |     6 |    17 |    22 ||    46
       Confused          |       |     4 |    12 |    14 ||    30
       Invisible         |       |       |     1 |       ||     1
  Eat: Fruit             |       |       |     8 |       ||     8
